 Dungeon Crawl Stone Soup version 0.25-a0-105-g2289b3b9f1 (webtiles) character file.

Game seed: 14169018688202115781, levelgen mode: deterministic

1450 Nvm9 the Covered (level 8, -1/63 HPs)
             Began as a Demonspawn Fighter on Nov 16, 2019.
             Slain by an unseen horror (5 damage)
             ... on level 6 of the Dungeon.
             The game lasted 00:06:50 (5332 turns).

Nvm9 the Covered (Demonspawn Fighter)               Turns: 5332, Time: 00:06:50

Health: -1/63      AC: 10    Str: 18    XL:     8   Next: 47%
Magic:  8/8        EV:  8    Int: 10    God:
Gold:   241        SH: 11    Dex: 13    Spells: 7/7 levels left

rFire    . . .     SeeInvis .   a - +0 war axe
rCold    . . .     Gourm    .   c - +1 shield
rNeg     . . .     Faith    .   b - +0 scale mail
rPois    .         Spirit   .   (no helmet)
rElec    .         Reflect  .   (no cloak)
rCorr    .         Harm     .   (no gloves)
MR       .....                  (no boots)
Stlth    ..........             (no amulet)
HPRegen  0.20/turn              (no ring)
MPRegen  0.11/turn              (no ring)

@: no status effects
A: hooves 2, molten scales 2
a: no special abilities


You were on level 6 of the Dungeon.
You were not hungry.

You visited 1 branch of the dungeon, and saw 6 of its levels.

You collected 241 gold pieces.

Inventory:

Hand Weapons
 a - a +0 war axe (weapon)
 i - a +1 whip of freezing
 q - a +2 hand axe of flaming
Missiles
 e - 4 boomerangs (quivered)
Armour
 b - a +0 scale mail (worn)
 c - a +1 shield (worn)
 o - a +1 pair of boots
Jewellery
 r - an uncursed amulet of the acrobat {unknown}
Wands
 l - a wand of polymorph (6)
Scrolls
 g - 5 scrolls of identify
 h - 2 scrolls of remove curse {unknown}
 j - a scroll of summoning {unknown}
 k - a scroll of fear
 n - 3 scrolls of magic mapping {unknown}
Potions
 d - 2 potions of cancellation
 m - 4 potions of brilliance
 p - 2 potions of curing
Comestibles
 f - 5 rations


   Skills:
 + Level 5.4 Fighting
 + Level 4.9 Axes
 * Level 6.2 Armour
 - Level 1.5 Dodging
 + Level 5.0 Shields


You had 7 spell levels left.
You didn't know any spells.
Your spell library contained the following spells:

 Spells                   Type           Power        Failure   Level  Hunger
 Corona                   Hex            #......      98%         1    ##.....
 Ensorcelled Hibernation  Hex/Ice        #.....       99%         2    ###....
 Confuse                  Hex            #.......     100%        3    ####...
 Dazzling Spray           Conj/Hex       #.....       100%        3    ####...
 Tukima's Dance           Hex            #.......     100%        3    ####...


Dungeon Overview and Level Annotations

Branches:
Dungeon (6/15)
 Temple: D:4-7

Altars:
Dithmenos
Fedhas
Makhleb
Yredelemnul

Shops:
D:4 =

Annotations:
D:2 exclusion: oklob plant


Innate Abilities, Weirdness & Mutations

You have hoof-like feet.
You are mostly covered in molten scales. (AC +3)


Message History

Found a robe.
Your shield and scale mail prevent you from hitting something.
Your kick misses something. Something hits you! Something hits you.
Something hits you.
You slash something! Your kick misses something. You block something's attack.
Something hits you but does no damage.
You hit something but do no damage. Your kick misses something.
Something hits you! Something hits you but does no damage. Something hits you!
* * * LOW HITPOINT WARNING * * *
Something hits you!
* * * LOW HITPOINT WARNING * * *
Something hits you but does no damage. Something hits you but does no damage.
Something hits you.
* * * LOW HITPOINT WARNING * * *
Something hits you.
You die...

..............#
.............
.........[.
......$..#
...#. #.....#
#.>..## ###...#
#p[..# #..##
#...## ##.#
#...## ##@#
#....#### #..#
#....(..# #..#
##.......# #..#
##..<######
#..# ##..###
#..# ##..## #
##..# ##..## #.
##...###..##
#..##........##


There were no monsters in sight!

Vanquished Creatures
  Pikel (D:5)
  A slave (D:5)
  A phantom (D:4)
  2 ogres (D:5)
  A bullfrog (D:5)
  2 scorpions
  A howler monkey (D:5)
  2 crimson imps (D:5)
  A hound (D:5)
  2 jellies (D:5)
  An iguana (D:5)
  Jessica (D:2)
  Natasha (thrice) (D:2)
  An orc wizard (D:6)
  Terence (D:2)
  2 worker ants (D:5)
  A worker ant zombie (D:5)
  3 gnolls (D:3)
  6 adders
  A shadow imp (D:5)
  2 worms
  A dart slug (D:2)
  4 orcs
  A ball python (D:2)
  5 giant cockroaches
  10 goblins
  8 hobgoblins
  2 jackals (D:1)
  6 bats
  6 frilled lizards
  7 kobolds
  A quokka skeleton (D:5)
  6 rats
93 creatures vanquished.

Vanquished Creatures (others)
  A howler monkey (D:6)
1 creature vanquished.

Grand Total: 94 creatures vanquished

Notes
Turn   | Place    | Note
-------+----------+-------------------------------------------
     0 | D:1      | Nvm9 the Demonspawn Fighter began the quest for the Orb.
     0 | D:1      | Reached XP level 1. HP: 18/18 MP: 1/1
    89 | D:1      | Gained mutation: You are partially covered in molten
                  | scales. (AC +2) [demonic ancestry]
    89 | D:1      | Reached XP level 2. HP: 20/24 MP: 2/2
   438 | D:1      | Reached XP level 3. HP: 25/29 MP: 3/3
   684 | D:2      | Noticed Terence
   691 | D:2      | Killed Terence
   691 | D:2      | Reached skill level 3 in Armour
   716 | D:2      | Gained mutation: You have large cloven feet. [demonic
                  | ancestry]
   716 | D:2      | Reached XP level 4. HP: 29/35 MP: 4/4
   768 | D:2      | Noticed Natasha
   775 | D:2      | Killed Natasha
   800 | D:2      | Noticed Jessica
   811 | D:2      | Noticed Natasha
   812 | D:2      | Killed Jessica
   812 | D:2      | Reached skill level 1 in Dodging
   817 | D:2      | Killed Natasha
   817 | D:2      | Reached XP level 5. HP: 39/41 MP: 5/5
   951 | D:2      | Found a blossoming altar of Fedhas.
   951 | D:2      | Noticed Natasha
   961 | D:2      | Killed Natasha
  1074 | D:2      | Found a burning altar of Makhleb.
  1259 | D:2      | Noticed an oklob plant
  1585 | D:3      | HP: 2/61 [gnoll/+0 spear (5)]
  2297 | D:4      | Gained mutation: You are mostly covered in molten scales.
                  | (AC +3) [demonic ancestry]
  2297 | D:4      | Reached XP level 6. HP: 27/48 MP: 6/6
  2520 | D:4      | Reached skill level 4 in Armour
  2538 | D:4      | Found Oshrizer's Jewellery Shop.
  3029 | D:4      | Found a basalt altar of Yredelemnul.
  3154 | D:5      | Entered Level 5 of the Dungeon
  3254 | D:5      | Gained mutation: You have hoof-like feet. [demonic
                  | ancestry]
  3254 | D:5      | Reached XP level 7. HP: 54/54 MP: 7/7
  3938 | D:5      | Reached skill level 5 in Armour
  4467 | D:5      | Found a shadowy altar of Dithmenos.
  4619 | D:6      | Noticed Pikel
  4830 | D:5      | Paralysed by Pikel for 3 turns
  4849 | D:5      | Killed Pikel
  4849 | D:5      | Reached skill level 5 in Fighting
  4849 | D:5      | Reached skill level 6 in Armour
  4849 | D:5      | Reached skill level 5 in Shields
  4849 | D:5      | Reached XP level 8. HP: 16/62 MP: 8/8
  5332 | D:6      | Slain by an unseen horror

Levels and vault maps discovered:
D:1:      minmay_arrival_doors, layout_loops_ring
D:2:      layout_rooms, lemuel_doored_altar, tgw_fedhas, uniq_natasha,
          uniq_jessica, uniq_terence
D:3:      layout_basic, first_ration, supply_closet_lemuel
D:4:      layout_basic, marbit_many_paths, serial_shops, nicolae_shop_crystal,
          minmay_misc_feat_pillars
D:5:      layout_loops_ring, lemuel_coloured_pillars_altar
D:6:      layout_layer_cave, kennysheep_little_box,
          minmay_temple_entry_nine_rooms, basic_altar, minmay_microvault,
          uniq_menkaure, uniq_pikel

Skill      XL: |  1  2  3  4  5  6  7 |
---------------+----------------------+-----
Shields        | 3 4 5 |  5.0
Axes           | 2 3 4 |  4.9
Armour         | 3 4 6 |  6.2
Dodging        | 1 |  1.5
Fighting       | 4 5 |  5.4

Action                   |  1- 3 |  4- 6 |  7- 9 || total
-------------------------+-------+-------+-------++-------
Melee: War axe           |   125 |   128 |   132 ||   385
       Kick              |       |    31 |    40 ||    71
       Unarmed           |       |     2 |       ||     2
  Use: Scroll            |     1 |     6 |       ||     7
       Potion            |       |     2 |     4 ||     6
  Eat: Chunk             |       |     6 |     5 ||    11
       Ration            |       |     1 |       ||     1
Armor: Scale mail        |    55 |    42 |    66 ||   163
Dodge: Dodged            |    32 |    34 |    41 ||   107
Block: Shield            |    58 |    72 |    85 ||   215

Table legend:
 A = Non-vault XP
 B = Vault XP
 C = Vault XP percentage of total XP
 D = Non-vault monster count
 E = Vault monster count
 F = Vault count percentage of total count
                 A         B        C        D         E       F
            +---------+---------+-------+---------+---------+-------
      Total |    1351 |     721 |  34.8 |      88 |       4 |   4.3
            +---------+---------+-------+---------+---------+-------
        D:1 |      48 |       0 |   0.0 |      31 |       0 |   0.0
        D:2 |     106 |     104 |  49.5 |      14 |       3 |  17.6
        D:3 |      90 |       0 |   0.0 |      14 |       0 |   0.0
        D:4 |     213 |       0 |   0.0 |       5 |       0 |   0.0
        D:5 |     853 |     617 |  42.0 |      21 |       1 |   4.5
        D:6 |      41 |       0 |   0.0 |       3 |       0 |   0.0
            +---------+---------+-------+---------+---------+-------
